 Dungeon Crawl Stone Soup version 0.29.0-13-gc9e81de378 (webtiles) character file.

Game seed: 867694597283536052

146 SnakkuSnakku7 the Chopper (level 5, -1/42 HPs)
             Began as a Barachi Warper on Sept 9, 2022.
             Killed by nerve-wracking pain
             ... invoked by an orc priest
              (12 damage)
             ... on level 3 of the Dungeon.
             The game lasted 00:03:42 (2851 turns).

SnakkuSnakku7 the Chopper (Barachi Warper)          Turns: 2851, Time: 00:03:43

Health: -1/42      AC: 11    Str: 14    XL:     5   Next: 28%
Magic:  8/8        EV:  4    Int: 14    God:
Gold:   133        SH:  0    Dex: 11    Spells: 8/8 levels left

rFire   . . .      SeeInvis .   a - +0 war axe
rCold   . . .      Faith    .   (no shield)
rNeg    . . .      Spirit   .   l - +0 plate armour
rPois   .          Reflect  .   (no helmet)
rElec   .          Harm     .   (no cloak)
rCorr   .          Rampage  .   u - +0 pair of gloves
Will    .....                   (no boots)
Stlth   ..........              (no amulet)
HPRegen 0.14/turn               (no ring)
MPRegen 0.11/turn               (no ring)

@: slow
A: amphibious, slowness 1, strong legs 1, +LOS
a: Hop


You were on level 3 of the Dungeon.
You visited 1 branch of the dungeon, and saw 3 of its levels.

You collected 133 gold pieces.

Inventory:

Hand Weapons
 a - a +0 war axe (weapon)
 c - a +0 hand axe
Missiles
 d - 7 boomerangs of dispersal
 q - 2 poisoned darts (quivered)
 v - a boomerang
Armour
 b - a +0 leather armour
 g - a +0 ring mail
 l - a +0 plate armour (worn)
 u - a +0 pair of gloves (worn)
Scrolls
 k - 2 scrolls of noise {unknown}
 n - a scroll of fear {unknown}
 p - a scroll of fog {unknown}
 w - a scroll of magic mapping {unknown}
Potions
 e - 2 potions of lignification
 f - a potion of berserk rage
 j - a potion of heal wounds
 m - a potion of flight
 o - a potion of mutation
 s - a potion of invisibility
 t - a potion of haste


   Skills:
 + Level 3.9 Fighting
 + Level 4.4 Axes
 - Level 2.3 Throwing
 - Level 1.2 Armour
 - Level 2.1 Dodging
 - Level 2.1 Spellcasting
 - Level 3.2 Translocations


You had 8 spell levels left.
You didn't know any spells.
Your spell library contained the following spells:

 Spells                   Type           Power      Damage    Failure   Level
 Sting                    Tmut/Pois      4%         1d3       100%        1
 Blink                    Tloc           20%        N/A       100%        2
 Poisonous Vapours        Pois/Air       2%         N/A       100%        2
 Gell's Gravitas          Tloc           10%        N/A       100%        3
 Lesser Beckoning         Tloc           10%        N/A       100%        3
 Portal Projectile        Hex/Tloc       12%        N/A       100%        3
 Teleport Other           Tloc           10%        N/A       100%        3
 Tukima's Dance           Hex            1%         N/A       100%        3
 Olgreb's Toxic Radiance  Pois           1%         N/A       100%        4
 Blade Hands              Tmut           0%         N/A       100%        5
 Manifold Assault         Tloc           10%        N/A       100%        5


Dungeon Overview and Level Annotations

Branches:
Dungeon (3/15)

Altars:

Shops:
D:2 =


Innate Abilities, Weirdness & Mutations

You are amphibious.
You cover ground slowly.
You can hop short distances.
You have an extended range of vision and can be seen from far away.


Message History

The orc priest looks satisfied for a moment.
The orc hits you but does no damage.
You hit the orc.
The orc is heavily wounded.
The orc hits you but does no damage.
You hit the orc.
You kill the orc!
You hit the orc priest.
The orc priest is moderately wounded.
The orc priest hits you but does no damage.
The orc priest hits you with a +0 dagger.
You closely miss the orc priest.
The orc priest is lightly wounded.
The orc priest hits you with a +0 dagger.
You barely miss the orc priest.
The orc priest is lightly wounded.
The orc priest hits you with a +0 dagger.
You barely miss the orc priest.
The orc priest is lightly wounded.
The orc priest hits you but does no damage.
You hit the orc priest.
The orc priest is moderately wounded.
The orc priest invokes the aid of Beogh against you.
Pain shoots through your body!
* * * LOW HITPOINT WARNING * * *
The orc priest barely misses you.
You are too injured to fight recklessly!
You barely miss the orc priest.
The orc priest is moderately wounded.
The orc priest hits you with a +0 dagger.
* * * LOW HITPOINT WARNING * * *
You closely miss the orc priest.
The orc priest is moderately wounded.
The orc priest barely misses you.
You completely miss the orc priest.
The orc priest is moderately wounded.
The orc priest hits you but does no damage.
The orc priest mumbles some strange prayers to Beogh against you.
Pain shoots through your body!
You die...

########## ##
#........# ..
#.######.#
#.#.####.######.#
#..o@......#.#.###
#.#.####.##.......###
# #.##.###.###.##
#.#............
#...##.###.###.
#.#.#..........
###...##.###.##
#.#.#...[...#
#..#...##.##..


You could see an orc priest.

Vanquished Creatures
  A phantom (D:3)
  A worm (D:2)
  A dart slug (D:2)
  8 orcs (D:3)
  3 bats (D:1)
  An endoplasm (D:1)
  2 giant cockroaches
  6 goblins
  4 hobgoblins
  3 jackals (D:1)
  2 kobolds (D:2)
  5 quokkas
  4 ball pythons
  9 frilled lizards
  6 rats
56 creatures vanquished.

Notes
Turn   | Place    | Note
-------+----------+-------------------------------------------
     0 | D:1      | SnakkuSnakku7 the Barachi Warper began the quest for the
                  | Orb.
     0 | D:1      | Reached XP level 1. HP: 17/17 MP: 3/3
   237 | D:1      | Reached XP level 2. HP: 14/23 MP: 5/5
   561 | D:1      | Reached skill level 3 in Axes
   678 | D:1      | Reached XP level 3. HP: 18/28 MP: 6/6
  1438 | D:2      | Found Cawk's Jewellery Boutique.
  1519 | D:2      | Found a faded altar of an unknown god.
  1873 | D:3      | Noticed a phantom
  1878 | D:3      | Reached XP level 4. HP: 28/34 MP: 7/7
  2257 | D:3      | Killed a phantom
  2258 | D:3      | Reached skill level 4 in Axes
  2258 | D:3      | Reached XP level 5. HP: 9/42 MP: 8/8
  2851 | D:3      | Killed from afar by an orc priest

Illustrated notes

Levels and vault maps discovered:
D:1:      dpeg_arrival_long_road, layout_rooms
D:2:      layout_basic, serial_shops, shop, shapermc_ecumenical_altar_ellora
D:3:      layout_loops_corners, nicolae_concentric_dashed_squares_mild,
          minmay_vboxes

Skill      XL: |  1  2  3  4 |
---------------+-------------+-----
Axes           | 3 4 |  4.4
Throwing       | 2 |  2.3
Fighting       | 3 |  3.9
Armour         | |  1.2
Dodging        | |  2.1
Spellcasting   | |  2.1
Translocations | |  3.2

Action                   |  1- 3 |  4- 6 || total
-------------------------+-------+-------++-------
Melee: Hand axe          |   150 |    77 ||   227
       Punch             |     1 |     2 ||     3
       War axe           |       |    18 ||    18
Throw: Boomerang         |       |     6 ||     6
 Abil: Hop               |     1 |     2 ||     3
  Use: Scroll            |       |    10 ||    10
 Stab: Sleeping          |     1 |       ||     1
Armor: Ring mail         |    24 |       ||    24
       Leather armour    |     3 |       ||     3
       Plate armour      |    67 |    50 ||   117
Dodge: Dodged            |    74 |    16 ||    90
